 Dungeon Crawl Stone Soup version 0.30-a0-719-gcc4359ea44 (webtiles) character file.

Game seed: 10326519845680462646

19 M4edhros the Insei (level 2, 0/18 HPs)
             Began as an Octopode Transmuter on Jan 26, 2023.
             Slain by an orc
             ... wielding a +0 falchion
              (5 damage)
             ... on level 3 of the Dungeon.
             The game lasted 00:00:40 (409 turns).

M4edhros the Insei (Octopode Transmuter)             Turns: 409, Time: 00:00:41

Health: 0/18       AC:  1    Str:  9    XL:     2   Next: 75%
Magic:  5/5        EV: 13    Int: 15    God:
Gold:   64         SH:  0    Dex: 12    Spells: 4/5 levels left

rFire   . . .      SeeInvis .      - Unarmed
rCold   . . .      Faith    .    (no shield)
rNeg    . . .      Spirit   .    (helmet restricted)
rPois   .          Reflect  .    (no amulet)
rElec   .          Harm     .    (no ring)
rCorr   .          Rampage  .    (no ring)
Will    .....                    (no ring)
Stlth   ++                       (no ring)
HPRegen 0.23/turn                (no ring)
MPRegen 0.09/turn                (no ring)
                                 (no ring)
                                 (no ring)

@: no status effects
A: almost no armour, amphibious, 8 rings, camouflage 1, gelatinous body 1,
(nimble swimmer 1), tentacles
a: no special abilities


You were on level 3 of the Dungeon.
You visited 1 branch of the dungeon, and saw 3 of its levels.

You collected 64 gold pieces.

Inventory:

Scrolls
 b - a scroll of amnesia {unknown}
Potions
 a - a potion of lignification


   Skills:
 + Level 1.4 Fighting
 + Level 2.3 Dodging
 * Level 3.5 Unarmed Combat
 - Level 2.0 Spellcasting
 - Level 2.0 Transmutations


You had 4 spell levels left.
You knew the following spells:

 Your Spells              Type           Power      Damage    Failure   Level
a - Beastly Appendage     Tmut           14%        N/A       10%         1

Your spell library contained the following spells:

 Spells                   Type           Power      Damage    Failure   Level
 Wereblood                Tmut           7%         N/A       14%         2
 Spider Form              Tmut/Pois      4%         N/A       41%         3
 Ice Form                 Ice/Tmut       4%         N/A       82%         4


Dungeon Overview and Level Annotations

Branches:
Dungeon (3/15)

Altars:

Shops:
D:1 (

Annotations:
D:3 1 runed translucent door, M4edhros's ghost, weakling OpAr


Innate Abilities, Weirdness & Mutations

You cannot wear most types of armour.
You are amphibious.
You can wear up to eight rings at the same time.
Your skin changes colour to match your surroundings (Stealth+).
Your rubbery body absorbs attacks. (AC +1, EV +1)
((You are camouflaged when in or above water. (Stealth+)))
You have tentacles for arms and can constrict up to eight enemies at once.


Message History

Found a whip.
No reachable target in view!
Found a scale mail.
No reachable target in view!
Found a stone staircase leading down.
No reachable target in view!
Found a spear.
No reachable target in view!
A ball python comes into view.
The ball python hisses angrily.
A ball python is nearby!
An orc comes into view. It is wielding a +0 falchion.
The orc moves out of view.
A ball python is nearby!
You completely miss the ball python.
The orc shouts!
Your grab misses the ball python.
You hear a shout!
The ball python bites you. The ball python barely misses you.
You closely miss the ball python. Your grab misses the ball python.
The ball python bites you. The ball python grabs you.
The ball python constricts you.
You closely miss the ball python. Your grab misses the ball python.
You squeeze the ball python.
The ball python is severely wounded.
The ball python bites you. The ball python constricts you.
An orc comes into view.
It is wielding a +2 short sword of freezing.
You tentacle-slap the ball python.
You kill the ball python!
The orc hits you with a +0 falchion.
* * * LOW HITPOINT WARNING * * *
You are too injured to fight recklessly!
You are too injured to fight recklessly!
You are too injured to fight recklessly!
You tentacle-slap the orc. You grab the orc.
The orc is severely wounded.
You constrict the orc.
A kobold comes into view. It is wielding a +0 short sword.
The orc hits you with a +0 falchion.
You die...

.... ......+...♣..⌠#..
..... .....##..?..##..
.).. ......##...##...
....##..#...##⌠##....
#....###...###...##
#..[.##.........#..
##.###.................#
..................##..##
...o...@..##.#..#####..#
##.###o†........# ..#
#.....).#.##.# ...
#...###.....##.# ...
#.... ...##..##.# ##.
K.## ..#####....# . . >
#..... ..#### ..#


You could see 2 orcs and a kobold (wandering).

Vanquished Creatures
  An endoplasm (D:1)
  A giant cockroach (D:1)
  2 goblins
  3 hobgoblins
  3 ball pythons
  2 bats
  4 frilled lizards
  A kobold (D:3)
  3 rats (D:1)
20 creatures vanquished.

Notes
Turn   | Place    | Note
-------+----------+-------------------------------------------
     0 | D:1      | M4edhros the Octopode Transmuter began the quest for the
                  | Orb.
     0 | D:1      | Reached XP level 1. HP: 13/13 MP: 3/3
    37 | D:1      | Found Nerch's Antique Weapon Shop.
   113 | D:1      | Reached XP level 2. HP: 17/18 MP: 5/5
   342 | D:3      | Found a runed translucent door.
   342 | D:3      | Noticed M4edhros's ghost (weakling OpAr)
   409 | D:3      | Slain by an orc

Illustrated notes

Levels and vault maps discovered:
D:1:      mrwooster_arrival_statue_2, layout_basic, serial_shops,
          nicolae_shop_crystal
D:2:      layout_basic
D:3:      layout_rooms, hellmonk_ghost_happy_afterlife, uniq_crazy_yiuf_cottage

Action                     || total
---------------------------++-------
  Melee: Unarmed           ||    40
         Constrict         ||    10
         Tentacles         ||     6
         Punch             ||     1
   Stab: Sleeping          ||     3
 Armour: Skin              ||     3
  Dodge: Dodged            ||    21

Table legend: (Time is in decaauts)
 A = Elapsed time spent in this place.
 B = Non-inter-level travel time spent in this place.
 C = Inter-level travel time spent in this place.
 D = Time resting spent in this place.
 E = Time spent auto-exploring this place.
 F = Levels seen in this place.
 G = Mean time per level.
                   A        B        C        D        E       F      G
               +--------+--------+--------+--------+--------+-----+--------+
         Total |    406 |    371 |     35 |      0 |    244 |   3 |  135.3 |
       Dungeon |    406 |    371 |     35 |      0 |    244 |   3 |  135.3 |
               +--------+--------+--------+--------+--------+-----+--------+

Top non-repeatable levels by time:
     D:1: 206 daAuts
     D:2: 106 daAuts
     D:3: 93 daAuts
